 Dungeon Crawl Stone Soup version 0.18.1-8-gdd0e5ea (webtiles) character file.

5420 sleepydude the Blocker (level 10, -11/90 HPs)
             Began as a Minotaur Fighter on May 31, 2016.
             Was a Believer of the Shining One.
             Hit by a javelin thrown by Urug (16 damage)
             ... on level 10 of the Dungeon.
             The game lasted 00:37:51 (7903 turns).

sleepydude the Blocker (Minotaur Fighter)           Turns: 7903, Time: 00:37:52

Health: -11/90     AC:  8    Str: 26    XL:     10   Next: 40%
Magic:  8/8        EV:  9    Int:  7    God:    the Shining One [**....]
Gold:   580        SH: 25    Dex:  9    Spells: 0 memorised, 9 levels left

rFire  . . .     SeeInvis .     a - +1 flail
rCold  . . .     Gourm    .     b - +0 scale mail
rNeg   + + .     Faith    .     y - +1 large shield {rN+}
rPois  .         Spirit   .     (helmet restricted)
rElec  .         Dismiss  .     (no cloak)
rCorr  .         Reflect  .     (no gloves)
SustAt +         Harm     .     (no boots)
MR     .....                    (no amulet)
Stlth  ..........               s - ring of sustain attributes
                                D - +3 ring of strength

@: divine shield, glowing, not resistant to hostile enchantments, extremely
unstealthy
A: retaliatory headbutt, horns 2, clever 1, clumsy 1, low mp 1
a: Divine Shield, Renounce Religion


You were on level 10 of the Dungeon.
You worshipped the Shining One.
The Shining One was pleased with you.
You were not hungry.

You visited 2 branches of the dungeon, and saw 12 of its levels.

You collected 580 gold pieces.

Inventory:

Hand Weapons
 a - a +1 flail (weapon)
 q - a +0 battleaxe
 K - a +0 halberd
 M - a +0 giant club
 R - a +0 giant spiked club
Armour
 b - a +0 scale mail (worn)
 h - a +0 ring mail
 w - a cursed +0 pair of boots
 y - a +1 large shield of positive energy (worn)
 C - a +0 plate armour
 J - a +0 scale mail
 P - a +0 cloak
Jewellery
 g - an uncursed ring of wizardry {unknown}
 o - an uncursed ring of positive energy {unknown}
 s - a ring of sustain attributes (right hand)
 D - a +3 ring of strength (left hand)
 I - an uncursed ring of see invisible {unknown}
Wands
 c - a wand of heal wounds (1/9)
Scrolls
 e - a scroll of noise {unknown}
 i - 3 scrolls of recharging
 k - 6 scrolls of remove curse {unknown}
 l - a scroll of identify
 p - a scroll of amnesia {unknown}
 t - 3 scrolls of random uselessness
 u - a scroll of fear {unknown}
 B - a scroll of immolation {unknown}
 E - a scroll of magic mapping {unknown}
 L - a scroll of teleportation {unknown}
 N - a scroll of enchant weapon
 Q - a scroll of torment {unknown}
Potions
 d - 3 potions of might
 j - 6 potions of curing
 n - a potion of flight {unknown}
 r - 2 potions of haste
 v - 2 potions of lignification
 x - 2 potions of brilliance {unknown}
 A - 2 potions of degeneration {unknown}
 F - a potion of invisibility {unknown}
 H - a potion of cancellation {unknown}
Books
 G - a book of Party Tricks

   Spells                             Type                      Level
   a - Summon Butterflies             Summoning                    1
   b - Apportation                    Translocation                1
   c - Tukima's Dance                 Hexes                        3
   d - Alistair's Intoxication        Transmutation/Poison         5
   e - Invisibility                   Hexes                        6
Miscellaneous
 O - a legendary deck of defence
Comestibles
 f - 4 bread rations
 m - 7 fruits
 z - 2 beef jerkies


   Skills:
 + Level 8.9 Fighting
 + Level 8.7 Maces & Flails
 + Level 9.2 Armour
 + Level 6.8 Dodging
 + Level 0.6 Stealth
 + Level 9.6 Shields
 + Level 0.8 Invocations


You had 9 spell levels left.
You didn't know any spells.

Dungeon Overview and Level Annotations

Branches:
Dungeon (11/15)            Temple (1/1) D:4            Lair (0/8) D:8
    Orc: D:9-12

Altars:
Ashenzari
Cheibriados
Dithmenos
Elyvilon
Fedhas
Gozag
Kikubaaqudgha
Makhleb
Nemelex Xobeh
Okawaru
Pakellas
Qazlal
Ru
Sif Muna
Trog
Vehumet
Xom
Yredelemnul
Zin
The Shining One

Shops:
D:9 [

Annotations:
D:10 Urug


Innate Abilities, Weirdness & Mutations

You reflexively headbutt those who attack you in melee.
You have a pair of horns on your head.
Your mind is acute. (Int +2)
You are clumsy. (Dex -2)
Your magical capacity is low (-10% MP).


Message History

The kobold shouts! x5
The centaur wields a shortbow.
The centaur shoots an arrow.
You block the arrow.
The kobold throws a stone.
You block the stone.
The kobold moves out of view. x2 2 kobolds come into view.
Things that are here:
a stone; an arrow The centaur shoots an arrow.
The arrow hits you.
* * * LOW HITPOINT WARNING * * *
There is a stone staircase leading up here.
You see here an arrow.
The centaur shoots an arrow.
You block the arrow.
You climb upwards.
Level annotation: Urug Urug throws a javelin.
The javelin hits you!
* * * LOW HITPOINT WARNING * * *
There is a stone staircase leading down, spattered with blood here.
You see here 2 javelins.
Urug throws a javelin.
The javelin hits you!
You die...

#.##o..#....#..........#####
.o#.........#..............#
o.#.........#..............#
..#....oo...#..............#
####..##.####..#...#####...#
......#..#.....#...#.......#
......#..#.....#...#.......#
......#..#######...#....####
.........(.o....@..........#
.........o{....>...........#
........>..................#
....................}......#
..................(........#
...........................#
...........................#
...........................#
............[..............#


You could see Urug and an orc.

Vanquished Creatures
  The ghost of andaisq the Protected, a novice MiFi of the Shining One (D:7)
  An elephant (D:8)
  A two-headed ogre (D:8)
  Grinder (D:3)
  The ghost of culcha the Ducker, an amateur DrBe of Trog (D:5)
  Sigmund (D:4)
  7 yaks
  A hungry ghost (D:8)
  A hippogriff (D:10)
  An orc warrior (D:7)
  2 ice beasts
  A sky beast (D:4)
  3 ogres
  3 phantoms
  3 centaurs
  A crocodile (D:8)
  A gnoll sergeant (D:7)
  A water moccasin zombie (D:10)
  5 crimson imps
  A jelly (D:9)
  2 centaur skeletons
  2 giant frog skeletons
  An orc priest (D:3)
  2 hounds
  A gnoll shaman (D:7)
  Jessica (D:3)
  An iguana (D:5)
  2 orc wizards (D:7)
  5 worker ants
  A sheep (D:8)
  A hound skeleton (D:9)
  A worker ant zombie (D:10)
  11 adders
  11 gnolls
  2 shadow imps
  2 adder zombies (D:7)
  An adder skeleton (D:4)
  7 worms
  2 dart slugs
  17 orcs
  2 giant cockroaches
  6 goblins
  8 hobgoblins
  2 jackals (D:3)
  4 quokkas
  4 ball pythons
  6 bats
  A giant gecko skeleton (D:4)
  13 giant newts
  A jackal skeleton (D:5)
  A jackal zombie (D:7)
  6 kobolds
  A quokka skeleton (D:6)
  4 rats
169 creatures vanquished.

Notes
Turn   | Place    | Note
--------------------------------------------------------------
     0 | D:1      | sleepydude the Minotaur Fighter began the quest for the Orb.
     0 | D:1      | Reached XP level 1. HP: 19/19 MP: 0/0
   224 | D:1      | Reached XP level 2. HP: 27/27 MP: 1/1
   870 | D:2      | Reached XP level 3. HP: 18/33 MP: 2/2
  1465 | D:2      | Reached XP level 4. HP: 27/40 MP: 3/3
  1861 | D:3      | Reached skill level 1 in Dodging
  2137 | D:3      | Noticed Grinder
  2137 | D:3      | Paralysed by Grinder for 7 turns
  2156 | D:3      | Killed Grinder
  2156 | D:3      | Reached skill level 5 in Armour
  2156 | D:3      | Reached skill level 5 in Shields
  2156 | D:3      | Reached XP level 5. HP: 35/47 MP: 4/4
  2156 | D:3      | Reached XP level 6. HP: 39/53 MP: 5/5
  2186 | D:3      | Noticed Jessica
  2196 | D:3      | Killed Jessica
  2537 | D:3      | You fall through a shaft!
  2537 | D:4      | Found a staircase to the Ecumenical Temple.
  2565 | D:4      | Got a brightly glowing chain mail
  2572 | Temple   | Entered the Ecumenical Temple
  2650 | Temple   | Became a worshipper of the Shining One
  2765 | D:4      | Noticed Sigmund
  2779 | D:4      | Killed Sigmund
  2779 | D:4      | Reached skill level 5 in Maces & Flails
  2779 | D:4      | Reached XP level 7. HP: 32/60 MP: 6/6
  3367 | D:4      | Found a stormy altar of Qazlal.
  3376 | D:4      | Reached skill level 5 in Fighting
  3384 | D:4      | Gained mutation: Your flesh is cold resistant. [mutagenic meat]
  3385 | D:4      | Gained mutation: Armour fits poorly on your strangely shaped body. [mutagenic meat]
  3386 | D:4      | Lost mutation: Armour fits poorly on your strangely shaped body. [potion of cure mutation]
  3386 | D:4      | Lost mutation: Your flesh is cold resistant. [potion of cure mutation]
  3387 | D:4      | Gained mutation: Your magical capacity is low (-10% MP). [mutagenic meat]
  3388 | D:4      | Gained mutation: You are clumsy. (Dex -2) [mutagenic meat]
  3390 | D:4      | Gained mutation: Your mind is acute. (Int +2) [mutagenic meat]
  3407 | D:4      | Found an iron altar of Okawaru.
  3407 | D:4      | Found a basalt altar of Yredelemnul.
  3407 | D:4      | Found a glowing silver altar of Zin.
  3410 | D:4      | Found a shadowy altar of Dithmenos.
  3411 | D:4      | Found a burning altar of Makhleb.
  3476 | D:5      | Entered Level 5 of the Dungeon
  3653 | D:5      | Noticed culcha's ghost (amateur DrBe)
  3663 | D:5      | Killed culcha's ghost
  3663 | D:5      | Reached XP level 8. HP: 63/68 MP: 6/6
  4021 | D:6      | Reached * piety under the Shining One
  4500 | D:6      | Found a blossoming altar of Fedhas.
  4502 | D:6      | Found an ancient bone altar of Kikubaaqudgha.
  4779 | D:7      | Noticed andaisq's ghost (novice MiFi)
  4802 | D:7      | Killed andaisq's ghost
  4802 | D:7      | Reached skill level 5 in Dodging
  4802 | D:7      | Reached XP level 9. HP: 56/78 MP: 7/7
  5479 | D:7      | Reached ** piety under the Shining One
  5895 | D:8      | Found a staircase to the Lair.
  5896 | D:8      | Noticed an elephant
  5939 | D:8      | Killed an elephant
  5941 | D:8      | HP: 1/81 [two-headed ogre/giant club (24)]
  6175 | D:8      | Identified the cursed +1 chain mail of Kikubaaqudgha's Envy {rCorr} (You found it on level 4 of the Dungeon)
  6735 | D:9      | Found Kyobat's Antique Armour Boutique.
  7138 | D:9      | Reached XP level 10. HP: 90/90 MP: 8/8
  7228 | D:10     | Entered Level 10 of the Dungeon
  7856 | D:10     | Noticed Urug
  7875 | D:10     | HP: 2/90 [Urug/glaive (6)]
  7903 | D:10     | Hit by a javelin thrown by Urug

Skill      XL: |  1  2  3  4  5  6  7  8  9 10 |
---------------+-------------------------------+-----
Shields        | 4 5 6 7 8 9 |  9.6
Armour         | 4 5 7 8 9 |  9.2
Maces & Flails | 3 4 5 6 8 |  8.7
Fighting       | 4 5 6 8 |  8.9
Dodging        | 2 4 5 6 |  6.8
Stealth        | |  0.6
Invocations    | |  0.8

Action                   |  1- 3 |  4- 6 |  7- 9 | 10-12 || total
-------------------------+-------+-------+-------+-------++-------
Melee: Flail             |   109 |    93 |   305 |    71 ||   578
       Headbutt          |     9 |    14 |    64 |    18 ||   105
Invok: Divine Shield     |       |       |     1 |     1 ||     2
  Use: Potion            |       |       |     9 |     1 ||    10
       Scroll            |       |       |     7 |     1 ||     8
  Eat: Beef jerky        |     1 |       |     1 |       ||     2
       Bread ration      |       |     1 |     2 |       ||     3
       Chunk             |       |       |     6 |     1 ||     7
       Meat ration       |       |       |     1 |       ||     1
       Fruit             |       |       |     1 |     1 ||     2
Armor: Scale mail        |    26 |    30 |    75 |    15 ||   146
Dodge: Dodged            |    37 |    21 |    98 |    21 ||   177
Block: Shield            |    66 |    38 |   119 |       ||   223
       Large shield      |       |       |    40 |    69 ||   109
